Patriotes vs Influenza
(R1)
Created - 2 décembre 2013 at 18:57
Goals
|
| Patriotes |
1 |
1 |
0 |
0 |
0 |
2 |
| Influenza |
0 |
0 |
2 |
0 |
2 |
3 |
|
Shots
|
| Patriotes |
21 |
7 |
6 |
1 |
2 |
35 |
| Influenza |
12 |
8 |
17 |
0 |
2 |
37 |
|
1st period
1. Patriotes , Davis Drewiske 2 (Liam Reddox, Lauri Tukonen) at 18:48
Penalties :
Timothy Kunes (VJB) for Holding (Minor) at 1:27, Blake Comeau (VJB) for Roughing (Minor) at 16:41, Liam Reddox (Nyc) for Charging (Minor) at 16:41
2nd period
2. Patriotes , Fedor Fedorov 5 (Andreas Nodl, Cory Emmerton) at 4:34
Penalties :
Zenon Konopka (Nyc) for Slashing (Minor) at 1:42, Martin St. Pierre (Nyc) for Interference (Minor) at 18:00, Jeff Halpern (VJB) for Boarding (Minor) at 18:16
3rd period
3. Influenza , Jamie McBain 3 (Jeff Halpern, Robbie Earl) at 1:16 (PP)
4. Influenza , Ben Smith 1 (Jimmy Bonneau) at 13:46
Penalties :
Martin St. Pierre (Nyc) for Tripping (Minor) at 1:06, Martins Karsums (VJB) for Tripping (Minor) at 2:52, Christian Hanson (Nyc) for Interference (Minor) at 4:11, Robbie Earl (VJB) for Holding (Minor) at 7:36, Marek Zagrapan (VJB) for Hooking (Minor) at 17:06
Overtime #1
No Goal
Penalties :
No Penalty
Shootout
Penalty Shot by Zenon Konopka for Patriotes - Shot Misses the Net
Penalty Shot by Blake Comeau for Influenza - Goal!
Penalty Shot by Andreas Nodl for Patriotes - Stopped by Alex Stalock
Penalty Shot by Jeff Halpern for Influenza - Goal!
Penalties :
No Penalty
Goalie Stats
Joey MacDonald (Nyc), 35 saves from 37 shots - (0,946), OTL, 5-4-2, 65:00 minutes
Alex Stalock (VJB), 33 saves from 35 shots - (0,943), W, 4-2-0, 65:00 minutes
Players Stats for Patriotes
Player Name G A P +/- PIM S H SB GA TA FO MP PP MP PK MP
------------------------------------------------------------------------------------
Andreas Nodl 0 1 1 1 0 2 1 2 0 1 3/4 25:41 4:09 2:20
Andrew Gordon 0 0 0 -1 0 4 3 0 0 0 0/0 21:34 3:23 0:21
Christian Hanson 0 0 0 -1 2 3 2 0 0 0 5/10 19:35 3:22 1:00
Cory Emmerton 0 1 1 1 0 1 4 2 1 0 10/17 17:41 0:09 0:00
Davis Drewiske 1 0 1 1 0 1 3 1 0 2 0/0 33:30 4:46 2:29
Fedor Fedorov 1 0 1 1 0 4 1 1 1 0 0/1 23:37 4:09 1:24
Jared Staal 0 0 0 0 0 0 0 0 0 0 0/0 0:00 0:00 0:00
Joe Charlebois 0 0 0 0 0 0 1 0 1 3 0/0 28:13 2:58 0:59
Lauri Tukonen 0 1 1 1 0 4 2 1 1 0 1/1 12:42 0:00 0:00
Liam Reddox 0 1 1 1 2 1 1 0 0 0 0/0 10:09 0:00 0:00
Martin St. Pierre 0 0 0 1 4 2 0 0 1 0 2/5 9:23 0:00 1:13
Matt Watkins 0 0 0 0 0 0 0 0 0 0 0/0 0:21 0:00 0:00
Nigel Williams 0 0 0 0 0 2 0 0 0 1 0/0 22:34 3:18 0:37
Philip Larsen 0 0 0 0 0 2 1 1 0 0 0/0 27:03 2:41 2:09
Ryan White 0 0 0 0 0 0 0 0 0 0 0/0 0:21 0:00 0:00
Ryan Wilson 0 0 0 1 0 2 3 1 0 0 0/0 13:40 1:21 1:14
T.J Galiardi 0 0 0 -1 0 3 2 0 0 0 1/2 16:05 3:23 0:00
Tomas Kubalik 0 0 0 0 0 0 0 0 0 0 0/0 5:52 0:00 0:00
Zenon Konopka 0 0 0 0 2 4 7 1 1 1 13/23 23:48 4:00 1:10
Players Stats for Influenza
Player Name G A P +/- PIM S H SB GA TA FO MP PP MP PK MP
------------------------------------------------------------------------------------
Adam Berti 0 0 0 0 0 0 0 0 0 0 0/0 12:37 0:00 0:30
Alexander Sulzer 0 0 0 0 0 1 3 2 0 1 0/0 24:45 0:58 5:01
Ben Smith 1 0 1 0 0 4 1 0 0 0 0/2 9:58 0:00 0:00
Blake Comeau 0 0 0 -2 2 3 1 1 1 1 1/2 25:06 2:09 4:28
Carl Gunnarsson 0 0 0 -1 0 3 2 3 0 0 0/0 21:25 1:05 2:31
Cody McCormick 0 0 0 0 0 4 2 0 0 0 6/10 13:49 1:35 0:28
Jamie McBain 1 0 1 -2 0 1 3 2 0 2 0/0 28:14 2:46 2:31
Jeff Halpern 0 1 1 -1 2 5 1 1 1 1 15/35 24:36 2:08 4:01
Jeff Petry 0 0 0 1 0 1 1 0 0 0 0/0 12:01 0:00 0:00
Jimmy Bonneau 0 1 1 1 0 0 1 0 0 0 0/0 6:12 0:00 0:00
Marek Zagrapan 0 0 0 0 2 2 0 0 0 0 3/7 13:22 0:00 0:00
Martins Karsums 0 0 0 0 2 2 4 0 3 0 0/0 16:45 1:42 1:50
Noah Welch 0 0 0 -1 0 2 3 4 1 1 0/0 31:34 2:39 5:01
Robbie Earl 0 1 1 -1 2 1 4 0 0 0 1/3 17:21 2:02 0:00
Ryan Russell 0 0 0 0 0 1 1 0 0 0 0/0 13:03 1:35 0:00
Ryan Vesce 0 0 0 0 0 5 0 1 0 0 0/1 15:05 0:00 2:18
Timothy Kunes 0 0 0 1 2 1 0 0 1 0 0/0 12:01 0:00 0:00
Zac Dalpe 0 0 0 0 0 1 0 1 1 0 2/3 10:06 0:00 1:29
3 Stars
1 - Davis Drewiske (Nyc)
2 - Fedor Fedorov (Nyc)
3 - Joey MacDonald (Nyc)
Power Play
Patriotes - 0 on 5 Attempt(s) - 0,00%
Influenza - 1 on 4 Attempt(s) - 25,00%
Penalty Kill
Patriotes - 3 on 4 Attempt(s) - 75,00%
- Score 0 goal in Penalty Kill
Influenza - 5 on 5 Attempt(s) - 100,00%
- Score 0 goal in Penalty Kill
Official
Referees : L'Ecuyer Frederick and Martell Rob
Linesman : Pierre Racicot and Steve Miller
Game Notes
Ryan Wilson is injured at 9:38 of 2nd period (Sore Left Knee)
5:49 of 3rd period - Influenza goal is going for a video replay. After video review, No Goal. The goalkeeper has been pushed into the net together with the puck after making a save.
Finance
Level 1 -- Attendance: 1524 (76,20%) -- Ticket Income 53 340 $
Level 2 -- Attendance: 732 (73,20%) -- Ticket Income 10 980 $
Total Attendance: 2256 (75,20%)
Total Ticket Income: 64 320 $
Other Income: 3 216 $
Total Income: 67 536 $
Patriotes
5 vs 5 Forward
Center Left Wing Right Wing Time % Phy DF OF
1 Cory Emmerton Fedor Fedorov Andreas Nodl 40 1 2 2
2 Christian Hanson T.J Galiardi Andrew Gordon 30 1 2 2
3 Zenon Konopka Liam Reddox Lauri Tukonen 20 1 2 2
4 Martin St. Pierre Zenon Konopka Tomas Kubalik 10 1 2 2
5 vs 5 Defense
Defense Defense Time % Phy DF OF
1 Davis Drewiske Ryan Wilson 40 1 2 2
2 Joe Charlebois Philip Larsen 30 1 2 2
3 Nigel Williams Davis Drewiske 20 1 2 2
4 Ryan Wilson Joe Charlebois 10 1 2 2
PowerPlay Forward
Center Left Wing Right Wing Time % Phy DF OF
1 Zenon Konopka Fedor Fedorov Andreas Nodl 60 1 2 2
2 Christian Hanson T.J Galiardi Andrew Gordon 40 1 2 2
PowerPlay Defense
Defense Defense Time % Phy DF OF
1 Davis Drewiske Ryan Wilson 60 1 2 2
2 Joe Charlebois Philip Larsen 40 1 2 2
Penalty Kill 4 Players Forward
Center Wing Time % Phy DF OF
1 Zenon Konopka Andreas Nodl 60 1 2 2
2 Andrew Gordon Fedor Fedorov 40 1 2 2
Penalty Kill 4 Players Defense
Defense Defense Time % Phy DF OF
1 Davis Drewiske Ryan Wilson 60 1 2 2
2 Joe Charlebois Philip Larsen 40 1 2 2
Penalty Kill - 3 Players Forward
Forward Time % Phy DF OF
1 Zenon Konopka 60 1 2 2
2 Andreas Nodl 40 1 2 2
Penalty Kill - 3 Players Defense
Defense Defense Time % Phy DF OF
1 Davis Drewiske Ryan Wilson 60 1 2 2
2 Joe Charlebois Philip Larsen 40 1 2 2
4 vs 4 Forward
Center Wing Time % Phy DF OF
1 Zenon Konopka Andreas Nodl 60 1 2 2
2 Andrew Gordon Fedor Fedorov 40 1 2 2
4 vs 4 Defense
Defense Defense Time % Phy DF OF
1 Davis Drewiske Ryan Wilson 60 1 2 2
2 Joe Charlebois Philip Larsen 40 1 2 2
Last Minutes Offensive
Center Left Wing Right Wing Defense Defense
Zenon Konopka Fedor Fedorov Andreas Nodl Davis Drewiske Ryan Wilson
Last Minutes Defensive
Center Left Wing Right Wing Defense Defense
Zenon Konopka Fedor Fedorov Andreas Nodl Davis Drewiske Ryan Wilson
Goaltenders
Starting : Joey MacDonald
Backup : Jason Missiaen
Extra Forwards
Normal : Cory Emmerton, Lauri Tukonen, Martin St. Pierre - PP : Cory Emmerton, Lauri Tukonen - PK : Martin St. Pierre
Extra Defensemen
Normal : Nigel Williams, Philip Larsen, Davis Drewiske - PP : Nigel Williams - PK : Philip Larsen, Davis Drewiske
Penalty Shots
Zenon Konopka, Andreas Nodl, Andrew Gordon, Fedor Fedorov, Christian Hanson
Influenza
5 vs 5 Forward
Center Left Wing Right Wing Time % Phy DF OF
1 Jeff Halpern Robbie Earl Blake Comeau 40 1 2 2
2 Cody McCormick Ryan Russell Martins Karsums 30 1 2 2
3 Marek Zagrapan Adam Berti Ryan Vesce 20 1 2 2
4 Zac Dalpe Jimmy Bonneau Ben Smith 10 1 2 2
5 vs 5 Defense
Defense Defense Time % Phy DF OF
1 Noah Welch Jamie McBain 40 1 2 2
2 Carl Gunnarsson Alexander Sulzer 30 1 2 2
3 Jeff Petry Timothy Kunes 20 1 2 2
4 Noah Welch Jamie McBain 10 1 2 2
PowerPlay Forward
Center Left Wing Right Wing Time % Phy DF OF
1 Jeff Halpern Robbie Earl Blake Comeau 60 1 2 2
2 Cody McCormick Ryan Russell Martins Karsums 40 1 2 2
PowerPlay Defense
Defense Defense Time % Phy DF OF
1 Noah Welch Jamie McBain 60 1 2 2
2 Carl Gunnarsson Alexander Sulzer 40 1 2 2
Penalty Kill 4 Players Forward
Center Wing Time % Phy DF OF
1 Jeff Halpern Blake Comeau 60 1 2 2
2 Martins Karsums Ryan Vesce 40 1 2 2
Penalty Kill 4 Players Defense
Defense Defense Time % Phy DF OF
1 Noah Welch Alexander Sulzer 60 1 2 2
2 Jamie McBain Carl Gunnarsson 40 1 2 2
Penalty Kill - 3 Players Forward
Forward Time % Phy DF OF
1 Blake Comeau 60 1 2 2
2 Jeff Halpern 40 1 2 2
Penalty Kill - 3 Players Defense
Defense Defense Time % Phy DF OF
1 Noah Welch Alexander Sulzer 60 1 2 2
2 Jamie McBain Carl Gunnarsson 40 1 2 2
4 vs 4 Forward
Center Wing Time % Phy DF OF
1 Jeff Halpern Blake Comeau 60 1 2 2
2 Martins Karsums Ryan Vesce 40 1 2 2
4 vs 4 Defense
Defense Defense Time % Phy DF OF
1 Noah Welch Alexander Sulzer 60 1 2 2
2 Jamie McBain Carl Gunnarsson 40 1 2 2
Last Minutes Offensive
Center Left Wing Right Wing Defense Defense
Jeff Halpern Robbie Earl Blake Comeau Noah Welch Jamie McBain
Last Minutes Defensive
Center Left Wing Right Wing Defense Defense
Jeff Halpern Robbie Earl Blake Comeau Noah Welch Alexander Sulzer
Goaltenders
Starting : Alex Stalock
Backup : Brent Krahn
Extra Forwards
Normal : Ben Smith, Marek Zagrapan, Zac Dalpe - PP : Ben Smith, Marek Zagrapan - PK : Zac Dalpe
Extra Defensemen
Normal : Carl Gunnarsson, Alexander Sulzer, Jamie McBain - PP : Carl Gunnarsson - PK : Alexander Sulzer, Jamie McBain
Penalty Shots
Blake Comeau, Jeff Halpern, Martins Karsums, Ryan Vesce, Robbie Earl
% Time on Ice - Patriotes
Lines # - Real PCT - Wanted PCT - Time Play
Normal Forward
1 - 35% - 40% - 15:25
2 - 30% - 30% - 13:24
3 - 22% - 20% - 9:41
4 - 13% - 10% - 5:52
Normal Defense
1 - 44% - 40% - 19:28
2 - 27% - 30% - 11:47
3 - 16% - 20% - 7:09
4 - 13% - 10% - 5:58
PP Forward
1 - 55% - 60% - 4:09
2 - 45% - 40% - 3:23
PP Defense
1 - 64% - 60% - 4:51
2 - 36% - 40% - 2:41
PK Forward
1 - 91% - 60% - 3:23
2 - 9% - 40% - 0:21
PK Defense
1 - 80% - 60% - 2:59
2 - 20% - 40% - 0:45
PK3 Forward
1 - 0% - 60%
2 - 0% - 40%
PK3 Defense
1 - 0% - 60%
2 - 0% - 40%
44 Forward
1 - 78% - 60% - 7:19
2 - 22% - 40% - 2:03
44 Defense
1 - 72% - 60% - 6:45
2 - 28% - 40% - 2:37
Last Minute Offensive - 0:00
Last Minute Defensive - 0:00
Total
Forward - 65:00
Defense - 65:00
|
% Time on Ice - Influenza
Lines # - Real PCT - Wanted PCT - Time Play
Normal Forward
1 - 35% - 40% - 15:45
2 - 26% - 30% - 11:28
3 - 25% - 20% - 10:57
4 - 14% - 10% - 6:12
Normal Defense
1 - 40% - 40% - 17:53
2 - 31% - 30% - 13:50
3 - 25% - 20% - 10:59
4 - 4% - 10% - 1:40
PP Forward
1 - 58% - 60% - 2:09
2 - 42% - 40% - 1:35
PP Defense
1 - 71% - 60% - 2:39
2 - 29% - 40% - 1:05
PK Forward
1 - 69% - 60% - 5:14
2 - 31% - 40% - 2:18
PK Defense
1 - 67% - 60% - 5:01
2 - 33% - 40% - 2:31
PK3 Forward
1 - 0% - 60%
2 - 0% - 40%
PK3 Defense
1 - 0% - 60%
2 - 0% - 40%
44 Forward
1 - 80% - 60% - 7:32
2 - 20% - 40% - 1:50
44 Defense
1 - 56% - 60% - 5:14
2 - 44% - 40% - 4:08
Last Minute Offensive - 0:00
Last Minute Defensive - 0:00
Total
Forward - 65:00
Defense - 65:00
|
Play by Play
1st period
0:01 of 1st period - Cory Emmerton wins face-off versus Jeff Halpern in neutral zone.
0:26 of 1st period - Ryan Wilson is hit by Noah Welch and loses puck.
1:18 of 1st period - Wrist shot by Ben Smith.
1:18 of 1st period - Stopped by Joey MacDonald without a rebound.
1:19 of 1st period - Cory Emmerton wins face-off versus Jeff Halpern in Patriotes zone.
1:27 of 1st period - Minor Penalty to Timothy Kunes for Holding.
1:28 of 1st period - Jeff Halpern wins face-off versus Zenon Konopka in Influenza zone.
1:42 of 1st period - Wrist shot by Fedor Fedorov.
1:42 of 1st period - Stopped by Alex Stalock without a rebound.
1:43 of 1st period - T.J Galiardi wins face-off versus Jeff Halpern in Influenza zone.
2:18 of 1st period - Snap shot by Zenon Konopka.
2:18 of 1st period - Shot Misses the Net.
3:27 of 1st period - Penalty to Timothy Kunes is over, Timothy Kunes is back on ice.
3:54 of 1st period - Zenon Konopka is hit by Jeff Petry and loses puck.
4:11 of 1st period - Slapshot by Ryan Vesce.
4:11 of 1st period - Stopped by Joey MacDonald with a rebound.
4:13 of 1st period - Snap shot by Timothy Kunes.
4:13 of 1st period - Stopped by Joey MacDonald without a rebound.
4:14 of 1st period - Zenon Konopka wins face-off versus Marek Zagrapan in Patriotes zone.
4:28 of 1st period - Zenon Konopka is hit by Noah Welch and loses puck.
4:39 of 1st period - Zenon Konopka is hit by Noah Welch and loses puck.
4:49 of 1st period - Off-side.
4:50 of 1st period - Blake Comeau wins face-off versus Cory Emmerton in neutral zone.
5:03 of 1st period - Slapshot by Fedor Fedorov.
5:03 of 1st period - Stopped by Alex Stalock without a rebound.
5:04 of 1st period - Jeff Halpern wins face-off versus Christian Hanson in Influenza zone.
5:11 of 1st period - Slapshot by Blake Comeau.
5:11 of 1st period - Stopped by Joey MacDonald with a rebound.
5:29 of 1st period - Andreas Nodl is hit by Ryan Russell and loses puck.
5:50 of 1st period - Snap shot by Zenon Konopka.
5:50 of 1st period - Shot Misses the Net.
5:52 of 1st period - Wrist shot by Zenon Konopka.
5:52 of 1st period - Shot Misses the Net.
5:54 of 1st period - Snap shot by Zenon Konopka.
5:54 of 1st period - Stopped by Alex Stalock with a rebound.
5:56 of 1st period - Wrist shot by Zenon Konopka.
5:56 of 1st period - Stopped by Alex Stalock without a rebound.
5:57 of 1st period - Cory Emmerton wins face-off versus Jeff Halpern in Influenza zone.
6:25 of 1st period - Snap shot by Andrew Gordon.
6:25 of 1st period - Shot Misses the Net.
6:47 of 1st period - Wrist shot by Ryan Vesce.
6:47 of 1st period - Shot Blocked by Zenon Konopka.
7:05 of 1st period - Jimmy Bonneau is hit by Cory Emmerton and loses puck.
7:38 of 1st period - Jeff Halpern is hit by Zenon Konopka and loses puck.
7:52 of 1st period - Off-side.
7:53 of 1st period - Christian Hanson wins face-off versus Cody McCormick in neutral zone.
8:02 of 1st period - Wrist shot by Christian Hanson.
8:02 of 1st period - Shot Misses the Net.
8:04 of 1st period - Wrist shot by T.J Galiardi.
8:04 of 1st period - Stopped by Alex Stalock with a rebound.
8:59 of 1st period - Davis Drewiske is hit by Alexander Sulzer and loses puck.
9:20 of 1st period - Wrist shot by Zac Dalpe.
9:20 of 1st period - Deflect By Ben Smith.
9:20 of 1st period - Stopped by Joey MacDonald with a rebound.
9:22 of 1st period - Snap shot by Zac Dalpe.
9:22 of 1st period - Shot Misses the Net.
9:24 of 1st period - Slapshot by Jeff Petry.
9:24 of 1st period - Stopped by Joey MacDonald without a rebound.
9:25 of 1st period - Cory Emmerton wins face-off versus Jeff Halpern in Patriotes zone.
9:38 of 1st period - Slapshot by Jeff Halpern.
9:38 of 1st period - Shot Blocked by Cory Emmerton.
9:50 of 1st period - T.J Galiardi is hit by Jamie McBain and loses puck.
10:30 of 1st period - Jeff Petry is hit by Ryan Wilson and loses puck.
11:05 of 1st period - Carl Gunnarsson is hit by Zenon Konopka and loses puck.
11:18 of 1st period - Noah Welch is hit by Ryan Wilson and loses puck.
12:00 of 1st period - Snap shot by Martin St. Pierre.
12:00 of 1st period - Stopped by Alex Stalock without a rebound.
12:01 of 1st period - Martin St. Pierre wins face-off versus Jeff Halpern in Influenza zone.
12:24 of 1st period - Andreas Nodl is hit by Cody McCormick and loses puck.
12:47 of 1st period - Snap shot by Ryan Vesce.
12:47 of 1st period - Stopped by Joey MacDonald without a rebound.
12:48 of 1st period - Christian Hanson wins face-off versus Jeff Halpern in Patriotes zone.
12:55 of 1st period - Snap shot by Andrew Gordon.
12:55 of 1st period - Stopped by Alex Stalock with a rebound.
12:57 of 1st period - Snap shot by Philip Larsen.
12:57 of 1st period - Stopped by Alex Stalock with a rebound.
12:59 of 1st period - Wrist shot by T.J Galiardi.
12:59 of 1st period - Shot Blocked by Jamie McBain.
13:01 of 1st period - Slapshot by Joe Charlebois.
13:01 of 1st period - Shot Misses the Net.
13:03 of 1st period - Slapshot by Andrew Gordon.
13:03 of 1st period - Stopped by Alex Stalock with a rebound.
13:05 of 1st period - Wrist shot by Christian Hanson.
13:05 of 1st period - Stopped by Alex Stalock without a rebound.
13:06 of 1st period - Cody McCormick wins face-off versus Cory Emmerton in Influenza zone.
13:12 of 1st period - Off-side.
13:13 of 1st period - Cory Emmerton wins face-off versus Cody McCormick in neutral zone.
13:44 of 1st period - Snap shot by Andrew Gordon.
13:44 of 1st period - Stopped by Alex Stalock with a rebound.
13:46 of 1st period - Snap shot by Christian Hanson.
13:46 of 1st period - Shot Blocked by Noah Welch.
13:48 of 1st period - Slapshot by Andrew Gordon.
13:48 of 1st period - Shot Blocked by Noah Welch.
14:06 of 1st period - Snap shot by Zenon Konopka.
14:06 of 1st period - Stopped by Alex Stalock with a rebound.
14:08 of 1st period - Snap shot by Martin St. Pierre.
14:08 of 1st period - Stopped by Alex Stalock with a rebound.
14:10 of 1st period - Slapshot by Joe Charlebois.
14:10 of 1st period - Deflect By Zenon Konopka.
14:10 of 1st period - Stopped by Alex Stalock with a rebound.
14:20 of 1st period - Wrist shot by Jeff Halpern.
14:20 of 1st period - Stopped by Joey MacDonald without a rebound.
14:21 of 1st period - Marek Zagrapan wins face-off versus Cory Emmerton in Patriotes zone.
14:28 of 1st period - Wrist shot by Fedor Fedorov.
14:28 of 1st period - Stopped by Alex Stalock with a rebound.
14:30 of 1st period - Snap shot by Andreas Nodl.
14:30 of 1st period - Stopped by Alex Stalock with a rebound.
14:32 of 1st period - Slapshot by Ryan Wilson.
14:32 of 1st period - Shot Blocked by Carl Gunnarsson.
14:46 of 1st period - Lauri Tukonen is hit by Martins Karsums and loses puck.
16:08 of 1st period - Snap shot by Ryan Vesce.
16:08 of 1st period - Shot Misses the Net.
16:10 of 1st period - Snap shot by Adam Berti.
16:10 of 1st period - Shot Misses the Net.
16:12 of 1st period - Slapshot by Noah Welch.
16:12 of 1st period - Stopped by Joey MacDonald without a rebound.
16:13 of 1st period - Marek Zagrapan wins face-off versus Cory Emmerton in Patriotes zone.
16:14 of 1st period - Wrist shot by Ryan Vesce.
16:14 of 1st period - Deflect By Marek Zagrapan.
16:14 of 1st period - Shot Misses the Net.
16:14 of 1st period - Puck is out of play.
16:15 of 1st period - Andreas Nodl wins face-off versus Marek Zagrapan in Patriotes zone.
16:22 of 1st period - Slapshot by Jamie McBain.
16:22 of 1st period - Deflect By Marek Zagrapan.
16:22 of 1st period - Stopped by Joey MacDonald with a rebound.
16:24 of 1st period - Slapshot by Noah Welch.
16:24 of 1st period - Shot Misses the Net.
16:26 of 1st period - Slapshot by Jamie McBain.
16:26 of 1st period - Shot Misses the Net.
16:28 of 1st period - Snap shot by Noah Welch.
16:28 of 1st period - Shot Blocked by Andreas Nodl.
16:32 of 1st period - Wrist shot by Ryan Vesce.
16:32 of 1st period - Stopped by Joey MacDonald without a rebound.
16:33 of 1st period - Jeff Halpern wins face-off versus Zenon Konopka in Patriotes zone.
16:41 of 1st period - Minor Penalty to Blake Comeau for Roughing.
16:41 of 1st period - Minor Penalty to Liam Reddox for Charging.
16:42 of 1st period - Zenon Konopka wins face-off versus Jeff Halpern in Patriotes zone.
17:42 of 1st period - Slapshot by Davis Drewiske.
17:42 of 1st period - Shot Misses the Net.
18:13 of 1st period - Wrist shot by Cody McCormick.
18:13 of 1st period - Stopped by Joey MacDonald with a rebound.
18:37 of 1st period - Ben Smith is hit by Ryan Wilson and loses puck.
18:41 of 1st period - Penalty to Blake Comeau is over, Blake Comeau is back on ice.
18:41 of 1st period - Penalty to Liam Reddox is over, Liam Reddox is back on ice.
18:42 of 1st period - Slapshot by Ryan Wilson.
18:42 of 1st period - Stopped by Alex Stalock with a rebound.
18:44 of 1st period - Wrist shot by Lauri Tukonen.
18:44 of 1st period - Shot Blocked by Carl Gunnarsson.
18:46 of 1st period - Wrist shot by Liam Reddox.
18:46 of 1st period - Shot Misses the Net.
18:48 of 1st period - Slapshot by Davis Drewiske.
18:48 of 1st period - Goal by Davis Drewiske - Patriotes : 1 - Influenza : 0.
18:49 of 1st period - Jeff Halpern wins face-off versus Cory Emmerton in neutral zone.
19:04 of 1st period - Jeff Halpern is hit by Davis Drewiske and loses puck.
19:23 of 1st period - Slapshot by Andrew Gordon.
19:23 of 1st period - Shot Misses the Net.
19:25 of 1st period - Snap shot by Andrew Gordon.
19:25 of 1st period - Shot Misses the Net.
19:27 of 1st period - Snap shot by T.J Galiardi.
19:27 of 1st period - Stopped by Alex Stalock with a rebound.
19:38 of 1st period - Off-side.
19:39 of 1st period - Marek Zagrapan wins face-off versus Zenon Konopka in neutral zone.
19:48 of 1st period - Wrist shot by Lauri Tukonen.
19:48 of 1st period - Stopped by Alex Stalock with a rebound.
19:50 of 1st period - Slapshot by Joe Charlebois.
19:50 of 1st period - Deflect By Liam Reddox.
19:50 of 1st period - Stopped by Alex Stalock with a rebound.
19:52 of 1st period - Slapshot by Philip Larsen.
19:52 of 1st period - Shot Misses the Net.
19:54 of 1st period - Snap shot by Joe Charlebois.
19:54 of 1st period - Shot Hit the Post.
2nd period
0:01 of 2nd period - Jeff Halpern wins face-off versus Fedor Fedorov in neutral zone.
0:12 of 2nd period - Snap shot by Jeff Halpern.
0:12 of 2nd period - Shot Misses the Net.
0:14 of 2nd period - Wrist shot by Jeff Halpern.
0:14 of 2nd period - Shot Misses the Net.
0:16 of 2nd period - Slapshot by Jamie McBain.
0:16 of 2nd period - Shot Misses the Net.
1:06 of 2nd period - Wrist shot by Ryan Vesce.
1:06 of 2nd period - Stopped by Joey MacDonald without a rebound.
1:07 of 2nd period - Christian Hanson wins face-off versus Robbie Earl in Patriotes zone.
1:32 of 2nd period - Zenon Konopka is hit by Martins Karsums and loses puck.
1:42 of 2nd period - Minor Penalty to Zenon Konopka for Slashing.
1:43 of 2nd period - Jeff Halpern wins face-off versus Martin St. Pierre in Patriotes zone.
1:46 of 2nd period - Snap shot by Jeff Halpern.
1:46 of 2nd period - Stopped by Joey MacDonald with a rebound.
1:48 of 2nd period - Slapshot by Jamie McBain.
1:48 of 2nd period - Deflect By Jeff Halpern.
1:48 of 2nd period - Shot Blocked by Davis Drewiske.
1:48 of 2nd period - Puck is out of play.
1:49 of 2nd period - Jeff Halpern wins face-off versus Martin St. Pierre in Patriotes zone.
2:32 of 2nd period - Slapshot by Jamie McBain.
2:32 of 2nd period - Deflect By Jeff Halpern.
2:32 of 2nd period - Shot Misses the Net.
2:32 of 2nd period - Puck is out of play.
2:33 of 2nd period - Cody McCormick wins face-off versus Christian Hanson in Patriotes zone.
3:42 of 2nd period - Penalty to Zenon Konopka is over, Zenon Konopka is back on ice.
3:54 of 2nd period - Snap shot by Lauri Tukonen.
3:54 of 2nd period - Stopped by Alex Stalock with a rebound.
3:56 of 2nd period - Snap shot by Lauri Tukonen.
3:56 of 2nd period - Shot Blocked by Zac Dalpe.
3:58 of 2nd period - Snap shot by Lauri Tukonen.
3:58 of 2nd period - Shot Misses the Net.
4:11 of 2nd period - Off-side.
4:12 of 2nd period - Martin St. Pierre wins face-off versus Marek Zagrapan in neutral zone.
4:17 of 2nd period - Wrist shot by Zenon Konopka.
4:17 of 2nd period - Shot Misses the Net.
4:19 of 2nd period - Slapshot by Nigel Williams.
4:19 of 2nd period - Shot Misses the Net.
4:28 of 2nd period - Off-side.
4:29 of 2nd period - Cory Emmerton wins face-off versus Jeff Halpern in neutral zone.
4:34 of 2nd period - Snap shot by Andreas Nodl.
4:34 of 2nd period - Deflect By Fedor Fedorov.
4:34 of 2nd period - Goal by Fedor Fedorov - Patriotes : 2 - Influenza : 0.
4:35 of 2nd period - Robbie Earl wins face-off versus Cory Emmerton in neutral zone.
5:07 of 2nd period - Snap shot by Christian Hanson.
5:07 of 2nd period - Stopped by Alex Stalock with a rebound.
5:09 of 2nd period - Snap shot by Christian Hanson.
5:09 of 2nd period - Stopped by Alex Stalock with a rebound.
5:21 of 2nd period - Snap shot by Lauri Tukonen.
5:21 of 2nd period - Stopped by Alex Stalock with a rebound.
6:04 of 2nd period - Slapshot by Ryan Wilson.
6:04 of 2nd period - Stopped by Alex Stalock with a rebound.
6:06 of 2nd period - Snap shot by Joe Charlebois.
6:06 of 2nd period - Deflect By Christian Hanson.
6:06 of 2nd period - Shot Blocked by Jeff Halpern.
6:06 of 2nd period - Puck is out of play.
6:07 of 2nd period - Jeff Halpern wins face-off versus Christian Hanson in Influenza zone.
6:14 of 2nd period - Icing by Joe Charlebois.
6:15 of 2nd period - Christian Hanson wins face-off versus Blake Comeau in Patriotes zone.
6:39 of 2nd period - Blake Comeau is hit by Andrew Gordon and loses puck.
6:44 of 2nd period - Wrist shot by Andrew Gordon.
6:44 of 2nd period - Shot Misses the Net.
6:46 of 2nd period - Snap shot by T.J Galiardi.
6:46 of 2nd period - Shot Misses the Net.
6:48 of 2nd period - Snap shot by Philip Larsen.
6:48 of 2nd period - Stopped by Alex Stalock without a rebound.
6:49 of 2nd period - Cody McCormick wins face-off versus Andreas Nodl in Influenza zone.
8:42 of 2nd period - Snap shot by Ben Smith.
8:42 of 2nd period - Stopped by Joey MacDonald with a rebound.
8:44 of 2nd period - Slapshot by Alexander Sulzer.
8:44 of 2nd period - Stopped by Joey MacDonald with a rebound.
8:46 of 2nd period - Snap shot by Alexander Sulzer.
8:46 of 2nd period - Deflect By Zac Dalpe.
8:46 of 2nd period - Shot Blocked by Philip Larsen.
8:46 of 2nd period - Puck is out of play.
8:47 of 2nd period - Cory Emmerton wins face-off versus Jeff Halpern in Patriotes zone.
9:13 of 2nd period - Noah Welch is hit by T.J Galiardi and loses puck.
9:38 of 2nd period - Slapshot by Jamie McBain.
9:38 of 2nd period - Shot Blocked by Ryan Wilson.
9:38 of 2nd period - Ryan Wilson from Patriotes is injured at 9:38 of 2nd period (Sore Left Knee).
9:39 of 2nd period - Andreas Nodl wins face-off versus Jeff Halpern in Patriotes zone.
9:39 of 2nd period - Andreas Nodl is hit by Robbie Earl.
10:14 of 2nd period - Wrist shot by Andrew Gordon.
10:14 of 2nd period - Shot Blocked by Carl Gunnarsson.
11:02 of 2nd period - Jeff Halpern is hit by Zenon Konopka and loses puck.
11:15 of 2nd period - Wrist shot by Jeff Halpern.
11:15 of 2nd period - Stopped by Joey MacDonald with a rebound.
11:23 of 2nd period - Jeff Halpern is hit by Christian Hanson and loses puck.
11:36 of 2nd period - Icing by Cory Emmerton.
11:37 of 2nd period - Cory Emmerton wins face-off versus Cody McCormick in Patriotes zone.
11:37 of 2nd period - Cory Emmerton is hit by Martins Karsums.
12:05 of 2nd period - Timothy Kunes is hit by Christian Hanson and loses puck.
12:26 of 2nd period - Robbie Earl is hit by Zenon Konopka and loses puck.
13:27 of 2nd period - Off-side.
13:28 of 2nd period - Lauri Tukonen wins face-off versus Jeff Halpern in neutral zone.
13:33 of 2nd period - Carl Gunnarsson is hit by Liam Reddox and loses puck.
14:13 of 2nd period - Snap shot by Jeff Halpern.
14:13 of 2nd period - Stopped by Joey MacDonald with a rebound.
15:02 of 2nd period - Jamie McBain is hit by T.J Galiardi and loses puck.
15:15 of 2nd period - Fedor Fedorov is hit by Jimmy Bonneau and loses puck.
16:34 of 2nd period - Joe Charlebois is hit by Jeff Halpern and loses puck.
16:45 of 2nd period - Snap shot by Jamie McBain.
16:45 of 2nd period - Shot Misses the Net.
17:05 of 2nd period - Fedor Fedorov is hit by Blake Comeau and loses puck.
17:33 of 2nd period - Philip Larsen is hit by Carl Gunnarsson and loses puck.
17:44 of 2nd period - Ryan Vesce is hit by Philip Larsen.
18:00 of 2nd period - Minor Penalty to Martin St. Pierre for Interference.
18:01 of 2nd period - Zenon Konopka wins face-off versus Jeff Halpern in Patriotes zone.
18:08 of 2nd period - Wrist shot by Robbie Earl.
18:08 of 2nd period - Stopped by Joey MacDonald without a rebound.
18:09 of 2nd period - Zenon Konopka wins face-off versus Jeff Halpern in Patriotes zone.
18:09 of 2nd period - Zenon Konopka is hit by Robbie Earl.
18:16 of 2nd period - Minor Penalty to Jeff Halpern for Boarding.
18:17 of 2nd period - Zenon Konopka wins face-off versus Ben Smith in Influenza zone.
18:42 of 2nd period - Andreas Nodl is hit by Alexander Sulzer.
19:07 of 2nd period - Icing by Jamie McBain.
19:08 of 2nd period - Zac Dalpe wins face-off versus Zenon Konopka in Influenza zone.
19:13 of 2nd period - Slapshot by Carl Gunnarsson.
19:13 of 2nd period - Stopped by Joey MacDonald with a rebound.
0:00 of 3rd period - Penalty to Martin St. Pierre is over, Martin St. Pierre is back on ice.
3rd period
0:01 of 3rd period - Zenon Konopka wins face-off versus Zac Dalpe in neutral zone.
0:16 of 3rd period - Penalty to Jeff Halpern is over, Jeff Halpern is back on ice.
1:06 of 3rd period - Minor Penalty to Martin St. Pierre for Tripping.
1:07 of 3rd period - Jeff Halpern wins face-off versus Zenon Konopka in Patriotes zone.
1:08 of 3rd period - Slapshot by Blake Comeau.
1:08 of 3rd period - Stopped by Joey MacDonald with a rebound.
1:10 of 3rd period - Slapshot by Jeff Halpern.
1:10 of 3rd period - Shot Misses the Net.
1:12 of 3rd period - Wrist shot by Robbie Earl.
1:12 of 3rd period - Shot Misses the Net.
1:14 of 3rd period - Snap shot by Jeff Halpern.
1:14 of 3rd period - Shot Misses the Net.
1:16 of 3rd period - Slapshot by Jamie McBain.
1:16 of 3rd period - Deflect By Andreas Nodl.
1:16 of 3rd period - Goal by Jamie McBain - Patriotes : 2 - Influenza : 1.
1:17 of 3rd period - Cory Emmerton wins face-off versus Robbie Earl in neutral zone.
1:32 of 3rd period - Wrist shot by Andreas Nodl.
1:32 of 3rd period - Shot Misses the Net.
1:42 of 3rd period - Andrew Gordon is hit by Jamie McBain.
1:48 of 3rd period - Snap shot by Nigel Williams.
1:48 of 3rd period - Stopped by Alex Stalock without a rebound.
1:49 of 3rd period - Cody McCormick wins face-off versus Cory Emmerton in Influenza zone.
2:02 of 3rd period - Snap shot by Ryan Russell.
2:02 of 3rd period - Stopped by Joey MacDonald with a rebound.
2:04 of 3rd period - Snap shot by Cody McCormick.
2:04 of 3rd period - Stopped by Joey MacDonald without a rebound.
2:05 of 3rd period - Christian Hanson wins face-off versus Jeff Halpern in Patriotes zone.
2:30 of 3rd period - Philip Larsen is hit by Cody McCormick and loses puck.
2:52 of 3rd period - Minor Penalty to Martins Karsums for Tripping.
2:53 of 3rd period - Zenon Konopka wins face-off versus Jeff Halpern in Influenza zone.
3:00 of 3rd period - Wrist shot by Zenon Konopka.
3:00 of 3rd period - Shot Misses the Net.
3:02 of 3rd period - Slapshot by Nigel Williams.
3:02 of 3rd period - Stopped by Alex Stalock with a rebound.
3:04 of 3rd period - Wrist shot by Zenon Konopka.
3:04 of 3rd period - Shot Misses the Net.
3:06 of 3rd period - Slapshot by Nigel Williams.
3:06 of 3rd period - Shot Blocked by Noah Welch.
3:08 of 3rd period - Wrist shot by Andreas Nodl.
3:08 of 3rd period - Stopped by Alex Stalock with a rebound.
3:28 of 3rd period - Wrist shot by T.J Galiardi.
3:28 of 3rd period - Shot Blocked by Noah Welch.
4:11 of 3rd period - Minor Penalty to Christian Hanson for Interference.
4:12 of 3rd period - Jeff Halpern wins face-off versus Zenon Konopka in Patriotes zone.
4:30 of 3rd period - Icing by Carl Gunnarsson.
4:31 of 3rd period - Zenon Konopka wins face-off versus Ben Smith in Influenza zone.
4:50 of 3rd period - Slapshot by Jamie McBain.
4:50 of 3rd period - Shot Misses the Net.
4:52 of 3rd period - Penalty to Martins Karsums is over, Martins Karsums is back on ice.
4:52 of 3rd period - Wrist shot by Jeff Halpern.
4:52 of 3rd period - Stopped by Joey MacDonald with a rebound.
4:54 of 3rd period - Snap shot by Martins Karsums.
4:54 of 3rd period - Stopped by Joey MacDonald with a rebound.
4:56 of 3rd period - Wrist shot by Martins Karsums.
4:56 of 3rd period - Shot Blocked by Andreas Nodl.
4:58 of 3rd period - Snap shot by Martins Karsums.
4:58 of 3rd period - Stopped by Joey MacDonald without a rebound.
4:59 of 3rd period - Cody McCormick wins face-off versus Zenon Konopka in Patriotes zone.
5:04 of 3rd period - Slapshot by Jamie McBain.
5:04 of 3rd period - Shot Misses the Net.
5:47 of 3rd period - Slapshot by Martins Karsums.
5:47 of 3rd period - Deflect By Cody McCormick.
5:47 of 3rd period - Stopped by Joey MacDonald with a rebound.
5:49 of 3rd period - Wrist shot by Cody McCormick.
5:49 of 3rd period - Influenza goal is going for a video replay.
5:49 of 3rd period - The goal is refused. The goalkeeper has been pushed into the net together with the puck after making a save..
5:50 of 3rd period - Andreas Nodl wins face-off versus Jeff Halpern in Patriotes zone.
5:50 of 3rd period - Andreas Nodl is hit by Robbie Earl.
6:11 of 3rd period - Penalty to Christian Hanson is over, Christian Hanson is back on ice.
7:02 of 3rd period - Snap shot by Lauri Tukonen.
7:02 of 3rd period - Deflect By Zenon Konopka.
7:02 of 3rd period - Shot Blocked by Alexander Sulzer.
7:02 of 3rd period - Puck is out of play.
7:03 of 3rd period - Zenon Konopka wins face-off versus Cody McCormick in Influenza zone.
7:26 of 3rd period - Adam Berti is hit by Cory Emmerton and loses puck.
7:36 of 3rd period - Minor Penalty to Robbie Earl for Holding.
7:37 of 3rd period - Jeff Halpern wins face-off versus Zenon Konopka in Influenza zone.
7:52 of 3rd period - Snap shot by Blake Comeau.
7:52 of 3rd period - Stopped by Joey MacDonald with a rebound.
7:59 of 3rd period - Icing by Zenon Konopka.
8:00 of 3rd period - Jeff Halpern wins face-off versus T.J Galiardi in Patriotes zone.
8:25 of 3rd period - Philip Larsen is hit by Alexander Sulzer and loses puck.
9:08 of 3rd period - Nigel Williams is hit by Jamie McBain and loses puck.
9:36 of 3rd period - Penalty to Robbie Earl is over, Robbie Earl is back on ice.
9:48 of 3rd period - Jeff Petry is hit by Joe Charlebois.
9:56 of 3rd period - Ryan Russell is hit by Lauri Tukonen and loses puck.
10:09 of 3rd period - Snap shot by Marek Zagrapan.
10:09 of 3rd period - Stopped by Joey MacDonald with a rebound.
10:27 of 3rd period - Snap shot by Zac Dalpe.
10:27 of 3rd period - Stopped by Joey MacDonald with a rebound.
10:29 of 3rd period - Slapshot by Alexander Sulzer.
10:29 of 3rd period - Shot Blocked by Lauri Tukonen.
10:31 of 3rd period - Slapshot by Carl Gunnarsson.
10:31 of 3rd period - Deflect By Zac Dalpe.
10:31 of 3rd period - Shot Misses the Net.
10:31 of 3rd period - Puck is out of play.
10:32 of 3rd period - Zenon Konopka wins face-off versus Jeff Halpern in Patriotes zone.
10:37 of 3rd period - Blake Comeau is hit by Zenon Konopka and loses puck.
10:57 of 3rd period - Ryan Russell is hit by Cory Emmerton and loses puck.
11:20 of 3rd period - Slapshot by Noah Welch.
11:20 of 3rd period - Deflect By Ryan Vesce.
11:20 of 3rd period - Stopped by Joey MacDonald with a rebound.
11:32 of 3rd period - Philip Larsen is hit by Robbie Earl and loses puck.
11:54 of 3rd period - Carl Gunnarsson is hit by Davis Drewiske and loses puck.
12:41 of 3rd period - Timothy Kunes is hit by Lauri Tukonen and loses puck.
13:23 of 3rd period - Slapshot by Jamie McBain.
13:23 of 3rd period - Shot Blocked by Fedor Fedorov.
13:25 of 3rd period - Slapshot by Carl Gunnarsson.
13:25 of 3rd period - Stopped by Joey MacDonald with a rebound.
13:27 of 3rd period - Slapshot by Martins Karsums.
13:27 of 3rd period - Shot Blocked by Cory Emmerton.
13:41 of 3rd period - Andrew Gordon is hit by Ben Smith and loses puck.
13:46 of 3rd period - Wrist shot by Ben Smith.
13:46 of 3rd period - Goal by Ben Smith - Patriotes : 2 - Influenza : 2.
13:47 of 3rd period - Jeff Halpern wins face-off versus Zenon Konopka in neutral zone.
14:02 of 3rd period - Snap shot by Zenon Konopka.
14:02 of 3rd period - Shot Blocked by Alexander Sulzer.
14:17 of 3rd period - Slapshot by Noah Welch.
14:17 of 3rd period - Deflect By Ryan Russell.
14:17 of 3rd period - Shot Misses the Net.
14:17 of 3rd period - Puck is out of play.
14:18 of 3rd period - Cody McCormick wins face-off versus Christian Hanson in Patriotes zone.
14:26 of 3rd period - Icing by Davis Drewiske.
14:27 of 3rd period - Jeff Halpern wins face-off versus Christian Hanson in Patriotes zone.
14:28 of 3rd period - Slapshot by Jamie McBain.
14:28 of 3rd period - Shot Misses the Net.
14:38 of 3rd period - Robbie Earl is hit by Andrew Gordon and loses puck.
14:45 of 3rd period - Snap shot by T.J Galiardi.
14:45 of 3rd period - Shot Misses the Net.
14:47 of 3rd period - Wrist shot by Nigel Williams.
14:47 of 3rd period - Shot Blocked by Jamie McBain.
14:49 of 3rd period - Wrist shot by Davis Drewiske.
14:49 of 3rd period - Shot Misses the Net.
14:59 of 3rd period - Wrist shot by Christian Hanson.
14:59 of 3rd period - Shot Blocked by Blake Comeau.
15:15 of 3rd period - Wrist shot by T.J Galiardi.
15:15 of 3rd period - Stopped by Alex Stalock without a rebound.
15:16 of 3rd period - Zenon Konopka wins face-off versus Marek Zagrapan in Influenza zone.
15:23 of 3rd period - Slapshot by Lauri Tukonen.
15:23 of 3rd period - Stopped by Alex Stalock with a rebound.
15:31 of 3rd period - Wrist shot by Lauri Tukonen.
15:31 of 3rd period - Shot Blocked by Ryan Vesce.
15:41 of 3rd period - Alexander Sulzer is hit by Andreas Nodl and loses puck.
15:46 of 3rd period - Wrist shot by Cory Emmerton.
15:46 of 3rd period - Stopped by Alex Stalock with a rebound.
16:12 of 3rd period - Wrist shot by Carl Gunnarsson.
16:12 of 3rd period - Stopped by Joey MacDonald without a rebound.
16:13 of 3rd period - Zac Dalpe wins face-off versus Martin St. Pierre in Patriotes zone.
16:30 of 3rd period - Off-side.
16:31 of 3rd period - Cory Emmerton wins face-off versus Jeff Halpern in neutral zone.
17:06 of 3rd period - Minor Penalty to Marek Zagrapan for Hooking.
17:07 of 3rd period - Jeff Halpern wins face-off versus Zenon Konopka in Influenza zone.
17:21 of 3rd period - Blake Comeau is hit by Davis Drewiske and loses puck.
18:40 of 3rd period - Snap shot by Noah Welch.
18:40 of 3rd period - Stopped by Joey MacDonald with a rebound.
19:06 of 3rd period - Penalty to Marek Zagrapan is over, Marek Zagrapan is back on ice.
Overtime #1
0:01 of 1st overtime period - Zenon Konopka wins face-off versus Jeff Halpern in neutral zone.
0:04 of 1st overtime period - Blake Comeau is hit by Zenon Konopka and loses puck.
0:43 of 1st overtime period - Snap shot by Andrew Gordon.
0:43 of 1st overtime period - Stopped by Alex Stalock without a rebound.
0:44 of 1st overtime period - Zenon Konopka wins face-off versus Ryan Vesce in Influenza zone.
1:41 of 1st overtime period - Nigel Williams is hit by Carl Gunnarsson and loses puck.
1:58 of 1st overtime period - Noah Welch is hit by Andrew Gordon.
2:08 of 1st overtime period - Marek Zagrapan is hit by Cory Emmerton and loses puck.
3:06 of 1st overtime period - Noah Welch is hit by Zenon Konopka and loses puck.
3:47 of 1st overtime period - Joe Charlebois is hit by Martins Karsums.
4:21 of 1st overtime period - Ben Smith is hit by Fedor Fedorov and loses puck.
ShootOut
5:00 of 1st overtime period - Penalty Shot by Zenon Konopka for Patriotes.
5:00 of 1st overtime period - Deke by Zenon Konopka.
5:00 of 1st overtime period - Shot Misses the Net.
5:00 of 1st overtime period - Penalty Shot by Blake Comeau for Influenza.
5:00 of 1st overtime period - Snap shot by Blake Comeau.
5:00 of 1st overtime period - Goal by Blake Comeau.
5:00 of 1st overtime period - Penalty Shot by Andreas Nodl for Patriotes.
5:00 of 1st overtime period - Deke by Andreas Nodl.
5:00 of 1st overtime period - Stopped by Alex Stalock.
5:00 of 1st overtime period - Penalty Shot by Jeff Halpern for Influenza.
5:00 of 1st overtime period - Wrist shot by Jeff Halpern.
5:00 of 1st overtime period - Goal by Jeff Halpern.
Output by the SimonT Hockey Simulator (STHS) for François Prévost -- Original Page W3C XHTML 1.0 Valid